 Dungeon Crawl Stone Soup version 0.27-a0-1144-g0b7d3b79db (webtiles) character file.

Game seed: 2404643829960302899

9 neco the Firebug (level 2, -4/17 HPs)
             Began as an Octopode Fire Elementalist on May 11, 2021.
             Slain by a gnoll
             ... wielding a +0 club
              (6 damage)
             ... on level 1 of the Dungeon.
             The game lasted 00:06:41 (529 turns).

neco the Firebug (Octopode Fire Elementalist)        Turns: 529, Time: 00:06:42

Health: -4/17      AC:  1    Str:  7    XL:     2   Next: 16%
Magic:  3/5        EV: 13    Int: 17    God:
Gold:   18         SH:  0    Dex: 12    Spells: 4/5 levels left

rFire    . . .     SeeInvis .   (no weapon)
rCold    . . .     Faith    .   (no shield)
rNeg     . . .     Spirit   .   (helmet restricted)
rPois    .         Reflect  .   (no amulet)
rElec    .         Harm     .   (no ring)
rCorr    .         Rampage  .   (no ring)
Will     .....                  (no ring)
Stlth    +++.......             (no ring)
HPRegen  0.05/turn              (no ring)
MPRegen  0.09/turn              (no ring)
                                (no ring)
                                (no ring)

@: no status effects
A: almost no armour, amphibious, 8 rings, camouflage 1, gelatinous body 1,
(nimble swimmer 1), tentacles
a: no special abilities


You were on level 1 of the Dungeon.
You visited 1 branch of the dungeon, and saw 2 of its levels.

You collected 18 gold pieces.

Inventory:

Hand Weapons
 b - a +0 club
 d - a +0 dagger
 e - a +0 short sword
 f - a +0 dagger
 g - a +0 hand axe
Missiles
 c - 11 poisoned darts


   Skills:
 + Level 2.0 Dodging
 + Level 2.9 Stealth
 + Level 2.0 Spellcasting
 + Level 1.0 Conjurations
 + Level 3.4 Fire Magic


You had 4 spell levels left.
You knew the following spells:

 Your Spells              Type           Power      Damage    Failure   Level
a - Foxfire               Conj/Fire      36%        2x1d5     8%          1

Your spell library contained the following spells:

 Spells                   Type           Power      Damage    Failure   Level
 Conjure Flame            Conj/Fire      9%         6-21      24%         3
 Inner Flame              Hex/Fire       7%         N/A       28%         3
 Sticky Flame             Conj/Fire      9%         2d3       61%         4
 Fireball                 Conj/Fire      4%         3d4       91%         5


Dungeon Overview and Level Annotations

Branches:
Dungeon (2/15)

Altars:


Innate Abilities, Weirdness & Mutations

You cannot wear most types of armour.
You are amphibious.
You can wear up to eight rings at the same time.
Your skin changes colour to match your surroundings (Stealth+).
Your rubbery body absorbs attacks. (AC +1, EV +1)
((You are camouflaged near water. (Stealth+)))
You have tentacles for arms and can constrict up to eight enemies at once.


Message History

You conjure some foxfire!
The bat closely misses you.
Your foxfire dissipates!
The foxfire hits the bat.
You kill the bat!
You see here a giant cockroach corpse.
You see here a bat corpse.
You see here a bat corpse.
You see here a giant cockroach corpse.
You fall into a shaft and drop 1 floor!
The shaft crumbles and collapses.
A gnoll comes into view. It is wielding a +0 club.
The gnoll shouts!
A gnoll comes into view. It is wielding a +0 spear.
The gnoll shouts!
A gnoll comes into view. It is wielding a +0 flail.
The gnoll shouts!
A rat and a gnoll come into view.
The gnoll moves out of view.
Found a stone staircase leading up.
There is a stone staircase leading up here.
The gnoll hits you with a +0 club. The gnoll misses you.
You climb upwards.
There is a stone staircase leading down here.
The gnoll barely misses you. The gnoll hits you with a +0 club.
Casting: Foxfire (safe; 8% risk of failure)
Confirm with . or Enter, or press ? or * to list all spells.
You conjure some foxfire!
The gnoll hits you with a +0 club.
* * * LOW HITPOINT WARNING * * *
You are too injured to fight recklessly!
Your foxfire dissipates!
The foxfire hits the gnoll.
The gnoll is moderately wounded.
It was a potion of curing.
You feel better. The gnoll hits you with a +0 club!
Ouch! That really hurt!
* * * LOW HITPOINT WARNING * * *
Casting: Foxfire (safe; 8% risk of failure)
Confirm with . or Enter, or press ? or * to list all spells.
You conjure some foxfire!
The gnoll hits you with a +0 club.
You die...

#>##.#.### ##
### #.##...# ..
..# #.###.## .#
#.# #.# #.# .#
#.###.###.# ##.#
#.........# #..#
#.###.##### #..#
#.###.#
#†.#######.g@v.#
#†.........###>#
#..#######.# #.#
#####..# #.# #.#
.......# #.###.#
###....# #.....#
####.# #.#####
#.# #.#
#.#######.#


You could see a gnoll (ally target).

Vanquished Creatures
  A giant cockroach (D:1)
  A goblin (D:1)
  2 hobgoblins (D:1)
  4 bats (D:1)
  A kobold (D:1)
9 creatures vanquished.

Vanquished Creatures (others)
  5 foxfires (D:1)
5 creatures vanquished.

Grand Total: 14 creatures vanquished

Notes
Turn   | Place    | Note
-------+----------+-------------------------------------------
     0 | D:1      | neco the Octopode Fire Elementalist began the quest for the
                  | Orb.
     0 | D:1      | Reached XP level 1. HP: 11/11 MP: 3/3
   415 | D:1      | Reached XP level 2. HP: 17/17 MP: 3/5
   481 | D:1      | You fall into a shaft and drop 1 floor!
   529 | D:1      | Slain by a gnoll

Illustrated notes

Levels and vault maps discovered:
D:1:      giann_wishing_wells, layout_loops_ring, serial_shops, shop_fountains
D:2:      layout_loops_ring

Action                   || total
-------------------------++-------
Melee: Unarmed           ||    23
       Tentacles         ||     6
       Constrict         ||     4
 Cast: Foxfire           ||     6
  Use: Potion            ||     1
 Stab: Sleeping          ||     2
Armor: Skin              ||     3
Dodge: Dodged            ||    25

Table legend: (Time is in decaauts)
 A = Elapsed time spent in this place.
 B = Non-inter-level travel time spent in this place.
 C = Inter-level travel time spent in this place.
 D = Time resting spent in this place.
 E = Time spent auto-exploring this place.
 F = Levels seen in this place.
 G = Mean time per level.
                   A        B        C        D        E       F      G
               +--------+--------+--------+--------+--------+-----+--------+
         Total |    529 |    529 |      0 |    137 |      0 |   2 |  264.5 |
       Dungeon |    529 |    529 |      0 |    137 |      0 |   2 |  264.5 |
               +--------+--------+--------+--------+--------+-----+--------+

Top non-repeatable levels by time:
     D:1: 498 daAuts
     D:2: 30 daAuts
